 Dungeon Crawl Stone Soup version 0.23-a0-760-g92239d2 (webtiles) character file.

19419 SmSkdm the Transmogrifier (level 13, -3/96 HPs)
             Began as a Kitsune Transmuter on May 9, 2019.
             Was an Elder of Wu Jian.
             Slain by Rupert
             ... wielding a +4 great mace of protection
              (14 damage)
             ... on level 4 of the Lair of Beasts.
             The game lasted 01:10:58 (16433 turns).

SmSkdm the Transmogrifier (Kitsune Transmuter)     Turns: 16433, Time: 01:10:59

Health: -3/96      AC:  9    Str: 14    XL:     13   Next: 4%
Magic:  0/27       EV: 13    Int: 21    God:    Wu Jian [****..]
Gold:   861        SH:  0    Dex: 17    Spells: 17/32 levels left

rFire    . . .     SeeInvis .     - Unarmed
rCold    . . .     Gourm    .   (shield currently unavailable)
rNeg     . . .     Faith    .   y - +0 ring mail
rPois    .         Spirit   +   (helmet restricted)
rElec    .         Reflect  .   n - +1 cloak
rCorr    .         Harm     .   (gloves currently unavailable)
MR       +....                  (no boots)
Stlth    +++.......             V - amulet of guardian spirit
HPRegen  0.26/turn              s - +3 ring of intelligence
MPRegen  0.20/turn              w - +3 ring of strength

@: exhausted, blade hands
A: charm monsters, no helmets, claws 1, horns 1, iridescent scales 1, robust 1,
wild magic 1
a: Charm Monsters, End Transformation, Wall Jump, Serpent's Lash, Renounce
Religion


You were on level 4 of the Lair of Beasts.
You worshipped Wu Jian.
Wu Jian was greatly pleased with you.
You were not hungry.
You had blades for hands.
You visited 3 branches of the dungeon, and saw 15 of its levels.
You also visited: Sewer and Bailey.

You collected 861 gold pieces.

Inventory:

Missiles
 a - 166 arrows
Armour
 b - a +0 robe
 e - a scarf of cloud immunity
 k - a +0 chain mail
 n - a +1 cloak (worn)
 t - the +2 robe of Atsiu {rC+ Stlth+}
   (You found it on level 5 of the Dungeon)

   It protects you from cold.
   It makes you more stealthy.
 y - a +0 ring mail (worn)
 C - a +1 chain mail of magic resistance
 J - a +0 leather armour
 L - a +4 plate armour
Magical Staves
 x - an uncursed staff of wizardry
 Q - an uncursed staff of air
Jewellery
 i - an uncursed ring of stealth
 r - an uncursed ring of fire
 s - a +3 ring of intelligence (left scythe-like blade)
 w - a +3 ring of strength (right scythe-like blade)
 G - the ring "Foejuos" {rC+ MR+}
   (You found it on level 6 of the Dungeon)

   [ring of protection from cold]

   It protects you from cold.
   It affects your resistance to hostile enchantments.
 V - an amulet of guardian spirit (around neck)
 X - an uncursed ring of magical power
Wands
 j - a wand of iceblast (22)
 F - a wand of acid (8)
 R - a wand of random effects (19)
 T - a wand of clouds (4)
Scrolls
 c - 2 scrolls of amnesia
 f - a scroll of noise
 l - 2 scrolls of enchant weapon
 v - 3 scrolls of enchant armour
 z - 4 scrolls of identify
 A - 4 scrolls of fog
 B - 2 scrolls of magic mapping
 E - a scroll of fear {unknown}
 H - 3 scrolls of teleportation
 I - 2 scrolls of silence {unknown}
 M - 2 scrolls of blinking {unknown}
 O - 5 scrolls of remove curse
 S - a scroll of brand weapon {unknown}
 W - a scroll of summoning {unknown}
 Y - a scroll of vulnerability {unknown}
Potions
 g - 2 potions of agility
 h - a potion of cancellation
 m - 3 potions of brilliance
 o - 5 potions of curing
 p - 3 potions of haste {unknown}
 u - a potion of invisibility {unknown}
 D - 3 potions of might {unknown}
 K - 2 potions of experience {unknown}
 P - 5 potions of mutation
Miscellaneous
 N - a lamp of fire
Comestibles
 d - 34 rations


   Skills:
 + Level 7.6 Fighting
 + Level 4.9 Dodging
 + Level 8.3 Stealth
 + Level 8.9 Unarmed Combat
 + Level 10.1 Spellcasting
 + Level 10.2 Transmutations


You had 17 spell levels left.
You knew the following spells:

 Your Spells              Type           Power        Failure   Level  Hunger
a - Beastly Appendage     Tmut           ######       13%         1    None
b - Sticks to Snakes      Tmut           ######..     14%         2    None
c - Spider Form           Tmut/Pois      #####.....   41%         3    None
d - Blade Hands           Tmut           ######....   43%         5    ####...
e - Ice Form              Ice/Tmut       #####...     65%         4    ##.....

Your spell library contained the following spells:

 Spells                   Type           Power        Failure   Level  Hunger
 Flame Tongue             Conj/Fire      ##...        61%         1    None
 Shock                    Conj/Air       ##..         61%         1    None
 Summon Small Mammal      Summ           ##..         61%         1    None
 Call Imp                 Summ           ##......     71%         2    None
 Swiftness                Chrm/Air       ##......     71%         2    None
 Throw Flame              Conj/Fire      ##....       71%         2    None
 Call Canine Familiar     Summ           ##......     85%         3    None
 Conjure Flame            Conj/Fire      ##......     85%         3    None
 Inner Flame              Hex/Fire       ##......     85%         3    None
 Static Discharge         Conj/Air       ##......     85%         3    None
 Summon Guardian Golem    Hex/Summ       ##......     85%         3    None
 Airstrike                Air            ##........   99%         4    ##.....
 Sticky Flame             Conj/Fire      ##......     99%         4    ##.....
 Summon Ice Beast         Ice/Summ       ##......     99%         4    ##.....
 Summon Lightning Spire   Summ/Air       ##......     99%         4    ##.....
 Fireball                 Conj/Fire      ##........   100%        5    ####...
 Lightning Bolt           Conj/Air       ##........   100%        5    ####...


Dungeon Overview and Level Annotations

Branches:
Dungeon (10/15)            Temple (1/1) D:7            Lair (4/6) D:10
  Swamp: Lair:2-4    Shoals: Lair:2-4     Snake: Lair:2-4    Spider: Lair:2-4
    Orc: D:9-12

Altars:
Ashenzari
Cheibriados
Dithmenos
Elyvilon
Fedhas
Gozag
Hepliaklqana
Kikubaaqudgha
Makhleb
Nemelex Xobeh
Okawaru
Qazlal
Ru
Sif Muna
Trog
Uskayaw
Vehumet
Wu Jian
Xom
Yredelemnul
Zin
The Shining One

Shops:
D:5 *   D:10 =

Annotations:
Lair:4 Rupert


Innate Abilities, Weirdness & Mutations

You can charm monsters.
You have fox ears (no helmets).
You have sharp fingernails.
You have a pair of small horns on your head.
You are partially covered in iridescent scales. (AC +2)
You are robust. (+10% HP)
Your spells are a little harder to cast, but a little more powerful.


Message History

You feel less exhausted. Rupert misses you.
Rupert hits you with a +4 great mace of protection!!!
* * * LOW HITPOINT WARNING * * *
You hear an angry hiss.
You feel sick.
You are no longer poisoned.
Rupert hits you with a +4 great mace of protection!
* * * LOW HITPOINT WARNING * * *
All of the chunks of flesh in your inventory have rotted away.
You see here a potion of brilliance.
Rupert is no longer berserk.
You feel better.
Evoke which item? (* to show all) (? for menu, Esc to quit)
Okay, then.
Unknown command.
Unknown command.
The plant is unaffected.
Rupert resists with almost no effort.
Rupert hits you with a +4 great mace of protection!
You die...

###...#.##...#.....###
##....# ##.###†...#
.#....# #####...##
...#..# #......# ....#
##.....## ...##
#..<...## ...#
##....!.P## #..#
#.....@...# #P...
#..#...@...# ####P.
.....##......#
#.P###... #...#### ##
#... ..... #.####.####
###


You could see Rupert.

Vanquished Creatures
  Fannar (Lair:3)
  Urug (Lair:1)
  2 orc knights (Bailey)
  2 black mambas
  A centaur zombie (D:10)
  7 elephants
  2 spiny frogs
  A rime drake (Lair:3)
  A porcupine (Lair:4)
  5 komodo dragons
  4 blink frogs
  A crocodile (Lair:3)
  A polar bear (Lair:3)
  4 hippogriffs
  5 water moccasins
  Sigmund (D:4)
  8 yaks
  A spriggan (D:8)
  Grum (D:8)
  Duvessa (D:6)
  3 sky beasts
  A phantom (D:9)
  13 orc warriors (Bailey)
  2 eyes of draining
  5 ogres
  8 wolves
  3 centaurs
  Blork the orc (D:6)
  6 bullfrogs
  A scorpion (D:5)
  Dowan (D:6)
  9 wights
  An electric eel (Lair:1)
  5 crimson imps
  4 hounds
  2 jellies
  3 bullfrog skeletons
  2 orc priests
  Crazy Yiuf (D:4)
  A centaur skeleton (D:5)
  An iguana (D:8)
  4 orc wizards
  4 hell rats (Lair:3)
  7 worker ants
  3 hound zombies
  A hound skeleton (D:4)
  A howler monkey zombie (D:8)
  2 worker ant zombies (D:8)
  6 gnolls (Bailey)
  13 adders
  5 river rats (Sewer)
  4 shadow imps
  A white imp (D:9)
  4 oozes
  A dart slug (D:1)
  5 leopard geckos
  34 orcs
  7 ball pythons (Sewer)
  4 giant cockroaches
  16 hobgoblins
  15 jackals
  5 kobolds
  3 bats
  4 frilled lizards
  22 goblins
  A goblin skeleton (D:9)
  3 hobgoblin zombies (D:9)
  A jackal skeleton (D:4)
  A jackal zombie (D:5)
  A kobold skeleton (D:9)
  2 kobold zombies (D:9)
  An orc zombie (D:9)
  27 rats
331 creatures vanquished.

Vanquished Creatures (collateral kills)
  An orc warlord (Bailey)
  4 elephants
  A spiny frog (Lair:3)
  A komodo dragon (Lair:3)
  A polar bear (Lair:4)
  A blink frog (Lair:4)
  A water moccasin (Lair:4)
  A porcupine (Lair:4)
  An ice beast (D:10)
  A black bear (D:3)
  A centaur (D:7)
  An ogre (D:7)
  3 bullfrogs
  A wight (D:9)
  A hound (D:5)
  An orc wizard (D:4)
  A howler monkey zombie (D:5)
  Robin (D:4)
  A gnoll (Bailey)
  4 adders (Sewer)
  3 river rats (Sewer)
  An ooze (Sewer)
  5 orcs
  5 goblins
  2 hobgoblins (Bailey)
  3 jackals
  A ball python (Sewer)
  2 frilled lizards (Sewer)
  A jackal skeleton (D:4)
  A kobold (D:1)
  4 rats (Sewer)
56 creatures vanquished.

Vanquished Creatures (others)
  2 plants
2 creatures vanquished.

Grand Total: 389 creatures vanquished

Notes
Turn   | Place    | Note
-------+----------+-------------------------------------------
     0 | D:1      | SmSkdm the Kitsune Transmuter began the quest for the Orb.
     0 | D:1      | Reached XP level 1. HP: 12/12 MP: 3/3
   116 | D:1      | Reached skill level 1 in Fighting
   116 | D:1      | Reached XP level 2. HP: 18/18 MP: 5/5
   519 | D:1      | Reached XP level 3. HP: 21/23 MP: 7/7
  1053 | D:2      | Found a hide-covered altar of Uskayaw.
  1170 | D:2      | Learned a level 2 spell: Sticks to Snakes
  1198 | D:2      | Learned a level 3 spell: Spider Form
  1235 | D:2      | You fall through a shaft!
  1379 | D:3      | Noticed a bullfrog
  1390 | D:3      | Killed a bullfrog
  1390 | D:3      | Reached XP level 4. HP: 9/29 MP: 2/8
  1398 | D:3      | Reached XP level 5. HP: 6/34 MP: 3/10
  3382 | D:3      | Found a blossoming altar of Fedhas.
  3382 | D:3      | Noticed a black bear
  3437 | D:3      | Killed a black bear
  3538 | D:4      | Found a blossoming altar of Fedhas.
  3539 | D:4      | Reached XP level 6. HP: 31/39 MP: 8/11
  3711 | D:4      | Noticed Sigmund
  3711 | D:4      | Noticed Robin
  3731 | D:4      | Killed Robin
  3758 | D:4      | Killed Sigmund
  3758 | D:4      | Reached XP level 7. HP: 22/45 MP: 13/13
  4341 | D:4      | Found a runed door.
  4352 | D:4      | Noticed Crazy Yiuf
  4365 | D:4      | Killed Crazy Yiuf
  4575 | D:5      | Entered Level 5 of the Dungeon
  4595 | D:5      | Found an opulent altar of Gozag.
  4603 | D:5      | Got an ancient robe
  4614 | D:5      | Identified the +2 robe of Atsiu {rC+ Stlth+} (You found it
                  | on level 5 of the Dungeon)
  4617 | D:5      | Found Gozag's Platinum Reserve.
  4704 | D:5      | Reached skill level 1 in Stealth
  5018 | D:5      | Found a glowing drain.
  5023 | Sewer    | Entered a sewer
  5456 | Sewer    | Reached XP level 8. HP: 27/52 MP: 13/15
  5678 | Sewer    | Reached skill level 5 in Spellcasting
  5680 | Sewer    | Reached skill level 5 in Transmutations
  6229 | D:5      | Reached skill level 5 in Unarmed Combat
  6622 | D:6      | Noticed Blork the orc
  6633 | D:6      | Killed Blork the orc
  6698 | D:6      | Found a snail-covered altar of Cheibriados.
  6710 | D:6      | Got a heavily runed jade ring
  6726 | D:6      | Found a shimmering altar of Xom.
  6816 | D:6      | Noticed Duvessa
  6816 | D:6      | Noticed Dowan
  6829 | D:6      | Killed Dowan
  6829 | D:6      | Reached XP level 9. HP: 49/58 MP: 14/17
  6837 | D:6      | Killed Duvessa
  7536 | D:6      | Found a hazy altar of Hepliaklqana.
  7536 | D:6      | Found a bloodstained altar of Trog.
  7556 | D:6      | Identified the ring "Foejuos" {rC+ MR+} (You found it on
                  | level 6 of the Dungeon)
  7564 | D:6      | Learned a level 5 spell: Blade Hands
  7844 | D:7      | Found a staircase to the Ecumenical Temple.
  7855 | Temple   | Entered the Ecumenical Temple
  7952 | Temple   | Became a worshipper of the Wu Jian Council
  8298 | D:7      | Found an ancient bone altar of Kikubaaqudgha.
  8364 | D:7      | Found a snail-covered altar of Cheibriados.
  8541 | D:7      | Noticed a hippogriff
  8558 | D:7      | Killed a hippogriff
  8697 | D:8      | Found a flagged portal.
  8744 | Bailey   | Entered a bailey
  8997 | Bailey   | Reached * piety under Wu Jian
  9429 | Bailey   | Noticed an orc knight
  9433 | Bailey   | Reached skill level 5 in Fighting
  9433 | Bailey   | Reached XP level 10. HP: 57/66 MP: 14/20
  9453 | Bailey   | Reached ** piety under Wu Jian
  9464 | Bailey   | Killed an orc knight
  9464 | Bailey   | Reached skill level 5 in Stealth
  9517 | Bailey   | Noticed an orc warlord
  9563 | Bailey   | Gained mutation: You are agile. (Dex +2) [potion of
                  | mutation]
  9563 | Bailey   | Gained mutation: You tend to lose your temper in combat.
                  | [potion of mutation]
  9563 | Bailey   | Gained mutation: Your flesh is heat resistant. (rF+)
                  | [potion of mutation]
  9569 | Bailey   | Killed an orc warlord
  9817 | Bailey   | Lost mutation: You are agile. (Dex +2) [potion of mutation]
  9817 | Bailey   | Lost mutation: You tend to lose your temper in combat.
                  | [potion of mutation]
  9817 | Bailey   | Lost mutation: Your flesh is heat resistant. (rF+) [potion
                  | of mutation]
  9817 | Bailey   | Gained mutation: You are robust. (+10% HP) [potion of
                  | mutation]
  9817 | Bailey   | Gained mutation: Your spells are a little harder to cast,
                  | but a little more powerful. [potion of mutation]
  9817 | Bailey   | Gained mutation: You are partially covered in iridescent
                  | scales. (AC +2) [potion of mutation]
  9817 | Bailey   | Gained mutation: You have a pair of small horns on your
                  | head. [potion of mutation]
  9889 | Bailey   | Identified the +3 long sword of Xeorimaps {drain, *Drain
                  | rElec rN+ Stlth+}
  9889 | Bailey   | Noticed an orc knight
  9909 | Bailey   | Killed an orc knight
 10233 | D:8      | Noticed Grum
 10237 | D:8      | Killed Grum
 10315 | D:8      | Reached XP level 11. HP: 28/79 MP: 20/23
 11428 | D:9      | Found a blossoming altar of Fedhas.
 11431 | D:9      | Found a hide-covered altar of Uskayaw.
 11431 | D:9      | Found a shimmering altar of Xom.
 11433 | D:9      | Found an ancient bone altar of Kikubaaqudgha.
 11433 | D:9      | Found a shimmering altar of Xom.
 11433 | D:9      | Found a blossoming altar of Fedhas.
 11522 | D:9      | Reached *** piety under Wu Jian
 11524 | D:9      | Found a glowing golden altar of the Shining One.
 11811 | D:9      | Found a sparkling altar of Nemelex Xobeh.
 11909 | D:10     | Entered Level 10 of the Dungeon
 11909 | D:10     | Found Votanu Idio's Jewellery Emporium.
 12446 | D:10     | Found a staircase to the Lair.
 12977 | Lair:1   | Entered Level 1 of the Lair of Beasts
 13035 | Lair:1   | Learned a level 4 spell: Ice Form
 13184 | Lair:1   | Noticed Urug
 13197 | Lair:1   | Killed Urug
 13569 | Lair:1   | Reached **** piety under Wu Jian
 14502 | Lair:2   | Reached XP level 12. HP: 79/88 MP: 15/25
 15605 | Lair:3   | Noticed Fannar
 15620 | Lair:3   | Killed Fannar
 16164 | Lair:4   | Found a burning altar of Makhleb.
 16167 | Lair:4   | Reached skill level 10 in Transmutations
 16178 | Lair:4   | Reached skill level 10 in Spellcasting
 16276 | Lair:4   | Noticed Rupert
 16400 | Lair:4   | Reached XP level 13. HP: 47/95 MP: 18/27
 16429 | Lair:4   | HP: 1/96 [Rupert/+4 great mace of protection (12)]
 16433 | Lair:4   | Slain by Rupert

Vault maps used:
D:1:      onia_arrival_handbag, serial_forest, infiniplex_forest_clump_large,
          infiniplex_forest_straight_4, infiniplex_forest_straight_3,
          infiniplex_forest_join, infiniplex_forest_clump_curved,
          infiniplex_forest_lined_2, fountainhead, minmay_hexomino_p4
D:2:      nicolae_overflow_crystal_walls
D:3:      first_ration, fedhas_altar_fruit_tree
D:4:      old_standard_altar, uniq_sigmund, uniq_crazy_yiuf_cottage, uniq_robin
D:5:      nicolae_gozag_zags_fifth_avenue, portal_sewer_entry_e
D:6:      gammafunk_temple_overflow_wave, kennysheep_little_box,
          cheibriados_altar_1, uniq_duvessa, uniq_blork_the_orc
D:7:      overflow_temple_1_default, lemuel_round_altar,
          minmay_temple_entry_purple_smoke
D:8:      enter_bailey_2, the_bakery, lemuel_old_faithful, uniq_grum
D:9:      nicolae_tso_besieged_by_evil, kennysheep_mini_moat,
          doesnt_xom_only_xom
D:10:     lair_entry_dummy, serial_shops, nicolae_shop_waterfront
Temple:   chequers_temple_sunken
Lair:1:   grunt_megastairs_1, serial_bayou_shore_a, uniq_urug
Lair:3:   uniq_fannar
Lair:4:   minmay_guarded_unrand_snakebite, swamp_mist,
          nicolae_spider_entry_orb_guardian, basic_altar, uniq_rupert
Sewer:    sewer_minmay_w
Bailey:   bailey_axe_minmay_hex_keep, bailey

Skill      XL: |  1  2  3  4  5  6  7  8  9 10 11 12 |
---------------+-------------------------------------+-----
Fighting       | 1 2 3 4 5 6 7 |  7.6
Unarmed Combat | 3 4 5 6 7 8 |  8.9
Spellcasting   | 3 4 5 7 8 9 10 | 10.1
Transmutations | 3 4 5 6 8 9 10 | 10.2
Stealth        | 1 3 4 6 7 8 |  8.3
Dodging        | 3 4 |  4.9

Action                   |  1- 3 |  4- 6 |  7- 9 | 10-12 | 13-15 || total
-------------------------+-------+-------+-------+-------+-------++-------
Melee: Unarmed           |    93 |   150 |   348 |   458 |     4 ||  1053
       Punch             |     2 |       |     2 |    20 |       ||    24
       Kick              |     2 |       |     1 |       |       ||     3
       Headbutt          |       |     2 |     5 |    56 |     1 ||    64
       Staff             |       |       |     7 |     2 |       ||     9
 Cast: Beastly Appendage |     2 |     2 |     3 |       |       ||     7
       Sticks to Snakes  |     2 |     8 |     9 |     3 |       ||    22
       Spider Form       |       |       |    17 |     4 |       ||    21
       Blade Hands       |       |       |    15 |    32 |       ||    47
Invok: Whirlwind         |       |       |    10 |    48 |       ||    58
       Lunge             |       |       |     8 |    45 |       ||    53
       Wall Jump         |       |       |       |    16 |       ||    16
 Abil: Charm Monsters    |     4 |     7 |    18 |    11 |     2 ||    42
       Wall Jump         |       |       |       |     4 |       ||     4
Evoke: Wand              |       |     1 |     5 |     1 |       ||     7
  Use: Potion            |       |     4 |     3 |     6 |     5 ||    18
       Scroll            |       |     4 |     6 |       |       ||    10
 Stab: Sleeping          |     4 |       |     7 |    18 |       ||    29
       Betrayed ally     |     2 |     2 |    12 |     5 |       ||    21
       Distracted        |       |     1 |     3 |     7 |       ||    11
       Petrifying        |       |       |       |     2 |       ||     2
       Petrified         |       |       |       |     1 |       ||     1
  Eat: Chunk             |     1 |     8 |    21 |    27 |     1 ||    58
       Ration            |       |       |     1 |     1 |       ||     2
Armor: Robe              |    13 |     1 |    28 |       |       ||    42
       Chain mail        |       |    68 |       |       |       ||    68
       Skin              |       |     4 |     9 |     1 |       ||    14
       Ring mail         |       |       |    11 |   105 |       ||   116
Dodge: Dodged            |    58 |    32 |   233 |   184 |     7 ||   514

Table legend:
 A = Non-vault XP
 B = Vault XP
 C = Vault XP percentage of total XP
 D = Non-vault monster count
 E = Vault monster count
 F = Vault count percentage of total count
                 A         B        C        D         E       F
            +---------+---------+-------+---------+---------+-------
      Total |   18879 |    8863 |  31.9 |     216 |     142 |  39.7
            +---------+---------+-------+---------+---------+-------
        D:1 |      29 |      15 |  34.1 |      17 |       7 |  29.2
        D:2 |      24 |       0 |   0.0 |       8 |       0 |   0.0
        D:3 |     197 |       0 |   0.0 |      27 |       0 |   0.0
        D:4 |     132 |     260 |  66.3 |      18 |       7 |  28.0
        D:5 |     677 |       0 |   0.0 |      15 |       0 |   0.0
        D:6 |     332 |     321 |  49.2 |       9 |       3 |  25.0
        D:7 |     585 |       0 |   0.0 |      12 |       0 |   0.0
        D:8 |    1325 |     860 |  39.4 |      17 |       6 |  26.1
        D:9 |     759 |      18 |   2.3 |      15 |       9 |  37.5
       D:10 |    1617 |       0 |   0.0 |      23 |       0 |   0.0
     Lair:1 |     595 |    2078 |  77.7 |       5 |       7 |  58.3
     Lair:2 |    1928 |       0 |   0.0 |      10 |       0 |   0.0
     Lair:3 |    6210 |     981 |  13.6 |      25 |       1 |   3.8
     Lair:4 |    4469 |       0 |   0.0 |      15 |       0 |   0.0
      Sewer |       0 |     406 | 100.0 |       0 |      45 | 100.0
     Bailey |       0 |    3924 | 100.0 |       0 |      57 | 100.0
            +---------+---------+-------+---------+---------+-------
